 Dungeon Crawl Stone Soup version 0.29-a0-1006-g0dd7720b37 (webtiles) character file.

Game seed: 12274417990347786580

491 kae the Firebug (level 6, -9/35 HPs)
             Began as a Deep Elf Fire Elementalist on Aug 6, 2022.
             Killed from afar by Ijyb (21 damage)
             ... with a bolt of acid
             ... on level 5 of the Dungeon.
             The game lasted 00:03:52 (4692 turns).

kae the Firebug (Deep Elf Fire Elementalist)        Turns: 4692, Time: 00:03:53

Health: -9/35      AC: -2    Str:  5    XL:     6   Next: 91%
Magic:  0/14       EV: 13    Int: 22    God:
Gold:   22         SH:  0    Dex: 15    Spells: 4/13 levels left

rFire   . . .      SeeInvis +   w - +1 short sword (holy)
rCold   + . .      Faith    .   (no shield)
rNeg    . . .      Spirit   +   a - +0 robe
rPois   .          Reflect  .   (no helmet)
rElec   .          Harm     .   (no cloak)
rCorr   .          Rampage  .   (no gloves)
Will    .....                   (no boots)
Stlth   +.........              i - amulet "Currotapn" {Spirit Slay+5 Stlth-}
HPRegen 0.11/turn               C - ring of protection from cold
MPRegen 0.14/turn               v - ring of see invisible

@: corroded
A: no striking features
a: no special abilities


You were on level 5 of the Dungeon.
You visited 2 branches of the dungeon, and saw 6 of its levels.

You collected 167 gold pieces.
You spent 145 gold pieces at shops.


   Skills:
 + Level 2.0 Fighting
 + Level 3.2 Dodging
 - Level 2.4 Stealth
 + Level 4.4 Spellcasting
 * Level 4.2 Conjurations
 + Level 2.2 Hexes
 * Level 5.4 Fire Magic


You had 4 spell levels left.
You knew the following spells:

 Your Spells              Type           Power      Damage    Failure   Level
a - Foxfire               Conj/Fire      100%       2x1d9     1%          1
b - Scorch                Fire           56%        2d7       1%          2
c - Conjure Flame         Conj/Fire      26%        6-21      4%          3
d - Inner Flame           Hex/Fire       21%        N/A       7%          3

Your spell library contained the following spells:

 Spells                   Type           Power      Damage    Failure   Level
 Flame Wave               Conj/Fire      26%        2d8       14%         4
 Summon Guardian Golem    Hex/Summ       9%         N/A       21%         3
 Frozen Ramparts          Ice            8%         1d2       32%         3
 Ice Form                 Ice/Tmut       4%         N/A       71%         4
 Summon Ice Beast         Ice/Summ       4%         N/A       71%         4
 Summon Cactus Giant      Summ           2%         N/A       100%        6
 Orb of Destruction       Conj           11%        9d6       100%        7
 Spellforged Servitor     Conj/Summ      7%         N/A       100%        7

Inventory:

Hand Weapons
 w - a +1 short sword of holy wrath (weapon)
   (You found it on level 5 of the Dungeon)
Missiles
 d - 39 stones
Armour
 a - a +0 robe (worn)
Jewellery
 i - the amulet "Currotapn" (around neck) {Spirit Slay+5 Stlth-}
   (You found it on level 2 of the Dungeon)

   [amulet of guardian spirit]

   It causes incoming damage to be divided between your reserves of health and
   magic.
   Slay:      It affects your accuracy & damage with ranged weapons and melee
   (+5).
   Stlth:     It makes you less stealthy.
 v - a ring of see invisible (right hand)
   (You found it on level 4 of the Dungeon)
 C - a ring of protection from cold (left hand)
   (You found it on level 1 of the Dungeon)
 T - an amulet of faith {!P}
   (You found it on level 5 of the Dungeon)
Wands
 x - a wand of flame (3)
   (You found it on level 5 of the Dungeon)
Scrolls
 c - a scroll of silence {unknown}
 g - 2 scrolls of vulnerability {unknown}
 k - 2 scrolls of amnesia {unknown}
 n - a scroll of fog {unknown}
 p - 2 scrolls of teleportation {unknown}
 q - 2 scrolls of noise {unknown}
 r - a scroll of brand weapon {unknown}
 t - 2 scrolls of identify {unknown}
 u - a scroll of fear {unknown}
Potions
 b - a potion of magic
 e - a potion of attraction {unknown}
 f - 2 potions of might {unknown}
 h - 3 potions of mutation {unknown}
 j - a potion of invisibility {unknown}
 l - a potion of heal wounds {unknown}
 m - 2 potions of curing {unknown}
 o - a potion of brilliance {unknown}
 s - a potion of ambrosia {unknown}

Dungeon Overview and Level Annotations

Branches:
Dungeon (5/15) Zot: 25424  Temple (1/1) D:5 Zot: 5882

Altars:
Ashenzari
Dithmenos
Elyvilon
Gozag
Kikubaaqudgha
Okawaru
Sif Muna
Trog
Uskayaw
Wu Jian
The Shining One

Shops:
D:3 ([(*   D:4 *   D:5 *

Annotations:
D:3 3 runed translucent doors, Zexes9's ghost, amateur MiGl
D:5 Ijyb

.........#.#.###.#
..............#.#.#...#.
..............#.#.#.>.#.
..............#.#.#...#.
...............#.#.###.#
...............#..#...#.
.....g..........#..###..
o................##...##
.....oo@.......†...###..
..#+##.##.#####...##...#
#. #.# #..####'## #. #.#
##.# #∩## #. #.# #.#
###. #. #.# #.. .. ..
#.# #..# .. .. ..# #..
.. .. ..


You could see Ijyb (inner flame), an orc wizard (wandering) and 2 orcs.


Message History

m - 2 purple potions (gained 1) Thank you for shopping at Gagal's Assorted Antiques!
You can access your shopping list by pressing '$'.
Okay, then.
There is an open door here.
A necrophage comes into view.
A necrophage is nearby!
A necrophage is nearby!
A necrophage is nearby!
Casting: Scorch (safe; 1% risk of failure)
Confirm with . or Enter, or press ? or * to list all spells.
You conjure some foxfire!
The foxfire hits the necrophage!
The foxfire hits the necrophage but does no damage. 😎 MP[-1]
You lost 1 mp, and now have 13/14 mp.
Casting: Foxfire (safe; 1% risk of failure)
Confirm with . or Enter, or press ? or * to list all spells.
You conjure some foxfire!
The foxfire hits the necrophage!
The foxfire hits the necrophage. 😎 MP[-1]
You lost 1 mp, and now have 12/14 mp.
Casting: Foxfire (safe; 1% risk of failure)
Confirm with . or Enter, or press ? or * to list all spells.
You conjure some foxfire!
The foxfire hits the necrophage. x2 😎 MP[-1]
You lost 1 mp, and now have 11/14 mp.
Casting: Foxfire (safe; 1% risk of failure)
Confirm with . or Enter, or press ? or * to list all spells.
Flames lash the necrophage.
You destroy the necrophage!
Your Fighting skill increases to level 2! 😎 MP[-1]
You lost 1 mp, and now have 10/14 mp.
Casting: Scorch (safe; 1% risk of failure)
Confirm with . or Enter, or press ? or * to list all spells.
You can't see any susceptible monsters within range! (Use Z to cast anyway.)
d - 39 stones (gained 7) Key pressed, stopping explore.
Casting: Scorch (safe; 1% risk of failure)
Confirm with . or Enter, or press ? or * to list all spells.
You can't see any susceptible monsters within range! (Use Z to cast anyway.) 😎 MP[+4]
Your mp is fully restored (14).
Ijyb the Twisted Goblin comes into view.
She is wielding a +6 dagger of holy wrath and carrying a wand of acid (5).
Casting: Scorch (safe; 1% risk of failure)
Confirm with . or Enter, or press ? or * to list all spells.
Aiming: Inner Flame (dangerous; 7% risk of failure)
Press: ? - help, Dir - move target, f - Ijyb
Aim: Ijyb, wielding a +6 dagger of holy wrath, wearing a +0 scale mail and carrying a wand of acid (5) (asleep, chance to affect: 83%) Ijyb shouts!
Ijyb is filled with an inner flame.
You hear a shout! 😎 MP[-3]
You lost 3 mp, and now have 11/14 mp.
Casting: Inner Flame (dangerous; 7% risk of failure)
Confirm with . or Enter, or press ? or * to list all spells.
You conjure some foxfire!
An orc comes into view. It is wielding a +0 club.
The foxfire hits Ijyb but does no damage.
The foxfire hits Ijyb.
Flame seeps out of Ijyb. 😎 MP[-1]
You lost 1 mp, and now have 10/14 mp.
Casting: Foxfire (safe; 1% risk of failure)
Confirm with . or Enter, or press ? or * to list all spells.
You conjure some foxfire!
An orc comes into view. It is wielding a +0 hand axe.
The orc shouts!
You hear a shout!
Ijyb is engulfed in blazing flames.
Flame seeps out of Ijyb.
Ijyb zaps a wand.
The bolt of acid hits you! The acid corrodes you!
The foxfire hits Ijyb but does no damage. 😮 HP[-13] MP[-4]
You take 13 damage, and now have 22/35 hp.
MASSIVE DAMAGE!! (PAUSE)
You lost 4 mp, and now have 6/14 mp.
Casting: Foxfire (safe; 1% risk of failure)
Confirm with . or Enter, or press ? or * to list all spells.
You conjure some foxfire!
The foxfire hits Ijyb but does no damage.
The foxfire hits the orc.
Ijyb zaps a wand.
The bolt of acid hits you!
* * * LOW HITPOINT WARNING * * *
The acid corrodes you!
The foxfire hits the orc but does no damage. 😨 HP[-10] MP[-3]
You take 10 damage, and now have 12/35 hp.
MASSIVE DAMAGE!! (PAUSE)
You lost 3 mp, and now have 3/14 mp.
Casting: Foxfire (safe; 1% risk of failure)
Confirm with . or Enter, or press ? or * to list all spells.
You conjure some foxfire!
The foxfire hits the orc.
The foxfire hits Ijyb but does no damage.
An orc wizard comes into view. It is wielding a +0 dagger.
Ijyb zaps a wand.
The bolt of acid hits you!!
Ouch! That really hurt!
You die...

Skill      XL: |  1  2  3  4  5  6 |
---------------+-------------------+-----
Conjurations   | 2 3 4 |  4.2
Fire Magic     | 4 5 |  5.4
Fighting       | 1 2 |  2.0
Spellcasting   | 4 |  4.4
Hexes          | 1 2 |  2.2
Dodging        | 3 |  3.2
Stealth        | |  2.4

Action                   |  1- 3 |  4- 6 || total
-------------------------+-------+-------++-------
 Cast: Foxfire           |    41 |    47 ||    88
       Scorch            |    13 |    31 ||    44
       Conjure Flame     |       |     2 ||     2
       Inner Flame       |       |     1 ||     1
Armor: Robe              |       |     2 ||     2
Dodge: Dodged            |     3 |    13 ||    16

Levels and vault maps discovered:
D:1:      nzn_arrival_crosshair, layout_basic,
          dilly_ecumenical_altar_fadedgnrine
D:2:      layout_loops_corners, wad_floor_pattern_1
D:3:      layout_loops_corners, ebering_ghost_gozag, serial_shops, shop,
          nicolae_shop_bloodbath_and_beyond, nicolae_shop_stone, shop
D:4:      layout_loops_ring, evilmike_ruin_ashenzari,
          nicolae_gozag_zags_fifth_avenue, mainiacjoe_overflow_alcove_4,
          nicolae_tso_carved_into_rock
D:5:      layout_basic, fiery_altar_vehumet, minmay_temple_entry_steel_oval,
          serial_shops, kennysheep_mini, uniq_ijyb
Temple:   nicolae_temple_two_arcs

Notes
Turn   | Place    | Note
-------+----------+-------------------------------------------
     0 | D:1      | kae the Deep Elf Fire Elementalist began the quest for the
                  | Orb.
     0 | D:1      | Reached XP level 1. HP: 10/10 MP: 6/6
     0 | D:1      | magus.rc [v1.11.3]
   212 | D:1      | Reached XP level 2. HP: 15/15 MP: 6/8
   526 | D:1      | You fall into a shaft and drop 1 floor!
   665 | D:2      | Reached skill level 2 in Conjurations
   702 | D:2      | Learned a level 2 spell: Scorch
   773 | D:2      | Reached XP level 3. HP: 20/20 MP: 7/9
   972 | D:1      | Found a faded altar of an unknown god.
  1053 | D:2      | Reached skill level 4 in Fire Magic
  1228 | D:2      | Reached skill level 1 in Fighting
  1265 | D:2      | Identified the amulet "Currotapn" {Spirit Slay+5 Stlth-}
  1514 | D:2      | Reached XP level 4. HP: 23/25 MP: 6/11
  1737 | D:3      | Found Loeboof's Assorted Antiques.
  1745 | D:3      | Bought a scroll labelled FANICA VIAFENK for 25 gold pieces
  1745 | D:3      | Bought a glowing purple potion for 22 gold pieces
  1745 | D:3      | Bought a scroll labelled FOFU OFRODGHEI for 25 gold pieces
  1745 | D:3      | Bought a scroll labelled FOFU OFRODGHEI for 25 gold pieces
  1745 | D:3      | Bought a scroll labelled JOL RUOTYPLI for 25 gold pieces
  2035 | D:3      | Found Onimaj's Weapon Emporium.
  2243 | D:3      | Found a runed translucent gate.
  2243 | D:3      | Found a runed translucent gate.
  2243 | D:3      | Found a runed translucent gate.
  2243 | D:3      | Found an opulent altar of Gozag.
  2243 | D:3      | Noticed Zexes9's ghost (amateur MiGl)
  2301 | D:3      | Found Jisyheuf's Weapon Shoppe.
  2309 | D:3      | You pick up a book of Rime and begin reading...
  2309 | D:3      | You add the spells Frozen Ramparts, Ice Form and Summon Ice
                  | Beast to your library.
  2404 | D:3      | Found Ciyxzo's Armour Shop.
  2639 | D:3      | Reached skill level 3 in Conjurations
  2809 | D:4      | Learned a level 3 spell: Conjure Flame
  2813 | D:4      | Learned a level 3 spell: Inner Flame
  2817 | D:4      | You pick up a book of Dangerous Friends and begin
                  | reading...
  2817 | D:4      | You add the spells Summon Guardian Golem, Orb of
                  | Destruction and Spellforged Servitor to your library.
  2871 | D:4      | Found a broken altar of Ashenzari.
  2978 | D:4      | Noticed an ogre
  2988 | D:4      | Killed an ogre
  2989 | D:4      | Reached skill level 4 in Spellcasting
  2989 | D:4      | Reached skill level 1 in Hexes
  2989 | D:4      | Reached XP level 5. HP: 29/29 MP: 2/13
  3246 | D:4      | Found Gozag's Platinum Reserve.
  3315 | D:4      | You pick up a book of Scorching and begin reading...
  3441 | D:4      | Found a glowing golden altar of the Shining One.
  3496 | D:4      | Found an opulent altar of Gozag.
  3787 | D:5      | Entered Level 5 of the Dungeon
  3824 | D:5      | Reached skill level 5 in Fire Magic
  3824 | D:5      | Reached XP level 6. HP: 35/35 MP: 9/14
  3885 | D:5      | Reached skill level 3 in Dodging
  3965 | D:5      | Reached skill level 4 in Conjurations
  4026 | D:5      | Found a staircase to the Ecumenical Temple.
  4044 | Temple   | Entered the Ecumenical Temple
  4183 | D:5      | Reached skill level 2 in Hexes
  4632 | D:5      | Found Gagal's Assorted Antiques.
  4636 | D:5      | Bought a purple potion for 23 gold pieces
  4653 | D:5      | Reached skill level 2 in Fighting
  4683 | D:5      | Noticed Ijyb
  4692 | D:5      | Killed from afar by Ijyb

Vanquished Creatures
  An ogre (D:4)
  A necrophage (D:5)
  A scorpion (D:5)
  A howler monkey (D:5)
  An orc priest (D:5)
  A hound (D:5)
  An orc wizard (D:3)
  6 adders
  3 gnolls (D:4)
  4 dart slugs
  6 orcs
  3 endoplasms
  A giant cockroach (D:4)
  7 goblins
  9 hobgoblins
  2 jackals (D:5)
  9 kobolds
  2 quokkas
  4 ball pythons
  2 frilled lizards (D:1)
  4 rats
69 creatures vanquished.

Vanquished Creatures (others)
  145 foxfires
145 creatures vanquished.

Grand Total: 214 creatures vanquished

Table legend:
 A = Non-vault XP
 B = Vault XP
 C = Vault XP percentage of total XP
 D = Non-vault monster count
 E = Vault monster count
 F = Vault count percentage of total count
                 A         B        C        D         E       F
            +---------+---------+-------+---------+---------+-------
      Total |     702 |       0 |   0.0 |      69 |       0 |   0.0
            +---------+---------+-------+---------+---------+-------
        D:1 |      30 |       0 |   0.0 |      16 |       0 |   0.0
        D:2 |      74 |       0 |   0.0 |      14 |       0 |   0.0
        D:3 |      62 |       0 |   0.0 |      14 |       0 |   0.0
        D:4 |     195 |       0 |   0.0 |      15 |       0 |   0.0
        D:5 |     341 |       0 |   0.0 |      10 |       0 |   0.0
            +---------+---------+-------+---------+---------+-------

Illustrated notes

Table legend:
 A = Kills in this place as a percentage of kills in entire the game.
 B = Kills by you in this place as a percentage of kills by you in the entire game.
 C = Kills by friends in this place as a percentage of kills by friends in the entire game.
 D = Other kills in this place as a percentage of other kills in the entire game.
 E = Experience gained in this place as a percentage of experience gained in the entire game.
 F = Experience gained in this place divided by the number of levels of this place that you have seen.
                   A       B       C       D       E      F
               +-------+-------+-------+-------+-------+----------------------
         Total | 100.0 | 100.0 |   N/A |   N/A | 100.0 | 117.0
       Dungeon | 100.0 | 100.0 |   N/A |   N/A | 100.0 | 140.4
               +-------+-------+-------+-------+-------+----------------------

Table legend: (Time is in decaauts)
 A = Elapsed time spent in this place.
 B = Non-inter-level travel time spent in this place.
 C = Inter-level travel time spent in this place.
 D = Time resting spent in this place.
 E = Time spent auto-exploring this place.
 F = Levels seen in this place.
 G = Mean time per level.
                   A        B        C        D        E       F      G
               +--------+--------+--------+--------+--------+-----+--------+
         Total |   4691 |   4536 |    155 |    428 |   3530 |   6 |  781.8 |
       Dungeon |   4574 |   4426 |    148 |    428 |   3424 |   5 |  914.8 |
        Temple |    117 |    110 |      7 |      0 |    106 |   1 |  117.0 |
               +--------+--------+--------+--------+--------+-----+--------+

Top non-repeatable levels by time:
     D:4: 1260 daAuts
     D:3: 1072 daAuts
     D:2: 1040 daAuts
     D:1: 690 daAuts
     D:5: 511 daAuts
  Temple: 117 daAuts
